 Dungeon Crawl Stone Soup version 0.28-a0-580-ga2639ab843 (webtiles) character file.

Game seed: 14948768402296501519

5 willcat the Sneak (level 1, -2/18 HPs)
             Began as a Human Delver on Oct 3, 2021.
             Slain by a yak (7 damage)
             ... on level 6 of the Dungeon.
             The game lasted 00:00:31 (92 turns).

willcat the Sneak (Human Delver)                      Turns: 92, Time: 00:00:32

Health: -2/18      AC:  3    Str: 12    XL:     1   Next: 88%
Magic:  1/1        EV: 12    Int: 10    God:
Gold:   0          SH:  0    Dex: 14    Spells: 0/0 levels left

rFire   . . .      SeeInvis .   a - +0 short sword
rCold   . . .      Faith    .   (no shield)
rNeg    . . .      Spirit   .   b - +0 leather armour
rPois   .          Reflect  .   (no helmet)
rElec   .          Harm     .   (no cloak)
rCorr   .          Rampage  .   (no gloves)
Will    .....                   (no boots)
Stlth   +++.......              (no amulet)
HPRegen 0.06/turn               (no ring)
MPRegen 0.07/turn               (no ring)

@: hasted, very quick
A: no striking features
a: no special abilities


You were on level 6 of the Dungeon.
You visited 1 branch of the dungeon, and saw 2 of its levels.

Inventory:

Hand Weapons
 a - a +0 short sword (weapon)
Armour
 b - a +0 leather armour (worn)
 j - a +1 pair of boots of rampaging
Jewellery
 i - a ring of see invisible
Wands
 g - a wand of digging (3)
Scrolls
 c - a scroll of fog
 d - a scroll of magic mapping


   Skills:
 - Level 3.0 Fighting
 + Level 2.1 Short Blades
 + Level 2.1 Dodging
 + Level 5.1 Stealth


You couldn't memorise any spells.
You didn't know any spells.
Your spell library was empty.

Dungeon Overview and Level Annotations

Branches:
Dungeon (6/15)
 Temple: D:4-7

Altars:


Message History

The yak bellows!
You hear a bellow! x2
The ufetubus misses you. The ufetubus hits you.
You hit the ufetubus.
The ufetubus is almost dead.
The ufetubus hits you but does no damage.
The ufetubus misses you.
The ufetubus hits you but does no damage.
The ufetubus closely misses you.
A yak comes into view.
The yak bellows!
You hit the ufetubus.
You kill the ufetubus!
Unknown command.
Okay, then.
Found a pair of runed boots.
You see here a +1 pair of boots of rampaging.
j - a +1 pair of boots of rampaging
Found 9 gold pieces.
An iguana comes into view.
The iguana hisses angrily.
You see here 9 gold pieces.
The iguana bites you!
Ouch! That really hurt!
* * * LOW HITPOINT WARNING * * *
As you read the scroll of fear, it crumbles to dust.
You assume a fearsome visage.
The yak looks frightened!
The iguana looks frightened!
Okay, then.
Okay, then.
As you read the scroll labelled KERCHI WOLAIDE, it crumbles to dust.
The creatures around you are filled with an inner flame!
It was a scroll of immolation.
Okay, then.
You feel yourself speed up.
Unknown command.
You hit the yak.
Flame seeps out of the yak.
The yak is lightly wounded.
The yak is engulfed in blazing flames.
Flame seeps out of the yak.
The yak gores you!
You die...

.# #.#.####.
######.#.#
.......#.#
######.#.#
######.#.#
.......#.#
######.#.##
#....########
#.........Y@#
#############


You could see a yak (inner flame).

Vanquished Creatures
  An ufetubus (D:6)
1 creature vanquished.

Notes
Turn   | Place    | Note
-------+----------+-------------------------------------------
     0 | D:5      | willcat the Human Delver began the quest for the Orb.
     0 | D:5      | Reached XP level 1. HP: 18/18 MP: 1/1
    16 | D:5      | Noticed a lemure
    33 | D:6      | Noticed a yak
    48 | D:6      | Noticed a yak
    68 | D:6      | Noticed an iguana
    92 | D:6      | Slain by a yak

Illustrated notes

Levels and vault maps discovered:
D:5:      layout_cave_pools, serial_shops, nicolae_shop_overgrown_old_shop,
          nicolae_shop_stone, uniq_pikel
D:6:      layout_loops_ring, lemuel_coloured_pillars_altar, serial_shops, shop

Action                   || total
-------------------------++-------
Melee: Short sword       ||     4
  Use: Scroll            ||     2
       Potion            ||     1
Armor: Leather armour    ||     3
Dodge: Dodged            ||     4

Table legend: (Time is in decaauts)
 A = Elapsed time spent in this place.
 B = Non-inter-level travel time spent in this place.
 C = Inter-level travel time spent in this place.
 D = Time resting spent in this place.
 E = Time spent auto-exploring this place.
 F = Levels seen in this place.
 G = Mean time per level.
                   A        B        C        D        E       F      G
               +--------+--------+--------+--------+--------+-----+--------+
         Total |     91 |     91 |      0 |      0 |     14 |   2 |   45.5 |
       Dungeon |     91 |     91 |      0 |      0 |     14 |   2 |   45.5 |
               +--------+--------+--------+--------+--------+-----+--------+

Top non-repeatable levels by time:
     D:6: 58 daAuts
     D:5: 33 daAuts
